 Dungeon Crawl Stone Soup version 0.18-a0-1702-gd20c6a5 (webtiles) character file.

63 dvd the Skirmisher (level 4, -2/38 HPs)
             Began as a Formicid Abyssal Knight on Apr 7, 2016.
             Was a Believer of Lugonu.
             Slain by a gnoll
             ... wielding a +0 club
              (5 damage)
             ... on level 1 of the Dungeon.
             The game lasted 00:04:04 (1574 turns).

dvd the Skirmisher (Formicid Abyssal Knight)        Turns: 1574, Time: 00:04:05

Health: -2/38      AC:  3    Str: 17    XL:     4   Next: 31%
Magic:  5/5        EV: 11    Int: 11    God:    Lugonu [**....]
Gold:   71         SH:  0    Dex: 11    Spells: 0 memorised, 3 levels left

rFire  . . .     SeeInvis +     a - +1 mace
rCold  . . .     Gourm    .     b - +0 leather armour
rNeg   . . .     Faith    .     (no shield)
rPois  .         Spirit   .     (helmet unavailable)
rElec  .         Dismiss  .     (no cloak)
rCorr  .         Reflect  .     (no gloves)
SustAt .         Harm     .     (no boots)
MR     .....                    (no amulet)
Stlth  +.........               (no ring)
                                (no ring)

@: not resistant to hostile enchantments, very unstealthy
A: permanent stasis, dig shafts and tunnels, four strong arms, antennae 3
a: Dig, Shaft Self, Depart the Abyss, Bend Space, Renounce Religion


You were on level 1 of the Dungeon.
You worshipped Lugonu.
Lugonu was pleased with you.
You were not hungry.

You visited 1 branch of the dungeon, and saw 2 of its levels.
You visited the Abyss 1 time.

You collected 71 gold pieces.

Inventory:

Hand Weapons
 a - a +1 mace (weapon)
 f - a +0 hand axe
Armour
 b - a +0 leather armour (worn)
Scrolls
 d - 2 scrolls of immolation {unknown}
 k - a scroll of remove curse {unknown}
 l - a scroll of teleportation {unknown}
 m - a scroll of identify {unknown}
Potions
 e - a potion of mutation {unknown}
 h - a potion of invisibility {unknown}
 i - a potion of cure mutation {unknown}
 j - a potion of heal wounds {unknown}
Comestibles
 c - a bread ration
 g - a beef jerky
 n - 2 chunks of flesh


   Skills:
 + Level 4.4 Fighting
 + Level 2.3 Maces & Flails
 + Level 2.6 Armour
 + Level 1.3 Dodging
 + Level 0.3 Stealth
 + Level 2.4 Invocations


You had 3 spell levels left.
You didn't know any spells.

Dungeon Overview and Level Annotations

Branches:
Dungeon (2/15)

Altars:
Dithmenos
Fedhas
Vehumet
Xom
Yredelemnul


Innate Abilities, Weirdness & Mutations

You are under a permanent stasis effect.
You can dig through walls and to a lower floor.
Your four strong arms can wield two-handed weapons with a shield.
You have a pair of large antennae on your head (SInv).


Message History

* * * LOW HITPOINT WARNING * * *
You climb upwards.
There is a stone staircase leading down here.
You sock the gnoll!
The gnoll is heavily wounded.
The gnoll misses you.
You completely miss the gnoll.
The gnoll is heavily wounded.
The gnoll hits you with a club!
* * * LOW HITPOINT WARNING * * *
You closely miss the gnoll.
The gnoll is heavily wounded.
The gnoll barely misses you.
You closely miss the gnoll.
The gnoll is heavily wounded.
The gnoll closely misses you.
You hit the gnoll.
The gnoll is severely wounded.
The gnoll closely misses you. The gnoll hits you with a club.
You die...

####.'....... #....#.......
###### #.#####'###'# #....# #.#
#...#... ##.##.# #.# #...#.<.
...##.# ##########.###########
#####.######.>..........# #......
#(...........#####......###......
#.#####........g@..............#.
#.# #.##.#######......########.
#.#####.##.# ##.....# #.
........##.# #.#.### #.
#.#.##.###.# #.#.# #. #.#.##.#
#.# #.#.# #. #.#.##.# #.# #.#.#
#. #.#.##.# #.########.#.# #.
#.#.##.# #............# #####.


You could see a gnoll.

Vanquished Creatures
  A gnoll (D:2)
  2 dart slugs (D:1)
  3 giant geckos (D:1)
  3 bats
  3 giant cockroaches (D:1)
  6 hobgoblins (D:1)
  8 jackals (D:1)
  2 kobolds
  6 goblins (D:1)
  8 rats
42 creatures vanquished.

Notes
Turn   | Place    | Note
--------------------------------------------------------------
     0 | Abyss:1  | dvd the Formicid Abyssal Knight began the quest for the Orb.
     0 | Abyss:1  | Reached XP level 1. HP: 18/18 MP: 2/2
    21 | D:1      | Escaped the Abyss
   223 | D:1      | Reached XP level 2. HP: 24/24 MP: 3/3
   552 | D:1      | Reached skill level 1 in Dodging
   573 | D:1      | Reached XP level 3. HP: 30/30 MP: 4/4
   731 | D:1      | Reached skill level 4 in Fighting
   880 | D:1      | Reached ** piety under Lugonu
  1268 | D:1      | Reached XP level 4. HP: 29/38 MP: 5/5
  1452 | D:2      | Found a radiant altar of Vehumet.
  1452 | D:2      | Found a basalt altar of Yredelemnul.
  1453 | D:2      | Found a blossoming altar of Fedhas.
  1453 | D:2      | Found a shadowy altar of Dithmenos.
  1454 | D:2      | Found a shimmering altar of Xom.
  1574 | D:1      | Slain by a gnoll

Vault maps used:
D:1:      dpeg_arrival_prison, due_unseen_surprise
D:2:      grunt_temple_overflow_open, uniq_jessica
Abyss:1:  evilmike_abyss_exit_plants

Skill      XL: |  1  2  3 |
---------------+----------+-----
Dodging        | 1 |  1.3
Fighting       | 4 |  4.4
Maces & Flails | |  2.3
Armour         | |  2.6
Stealth        | |  0.3
Invocations    | |  2.4

Action                   |  1- 3 |  4- 6 || total
-------------------------+-------+-------++-------
Melee: Mace              |   110 |    19 ||   129
 Abil: Dig               |     1 |       ||     1
  Eat: Chunk             |     1 |     1 ||     2
